PAA
MERCER ISLAND SCREAMING EAGLES @ OLYMPIA OGRES
09/01/2041
 
TOP OF THE 1ST
Mercer Island Screaming Eagles batting - Pitching for Olympia Ogres : RHP Emery Manhoran
Pitching: RHP Emery Manhoran
Batting: RHB Domingo Reyes 0-0: Called Strike
0-1: Called Strike
0-2: SINGLE (Groundball, 56D, EV 108.8 MPH)
Batting: RHB Dídac Nores 0-0: Ball
1-0: Called Strike
1-1: Ball
2-1: Ball
3-1: Fly out, F8 (Line Drive, 8LM, EV 90.6 MPH)
Batting: SHB César Enríques 0-0: Ball
1-0: SINGLE (Line Drive, 9S, EV 111.2 MPH)
Domingo Reyes to second
Batting: LHB Brian Drake 0-0: SINGLE (Line Drive, 78S, EV 90.6 MPH)
Domingo Reyes to third
César Enríques to second
Runner from 3rd tries for Home, SAFE, throw by LF to home
Batting: RHB Dima Tabakaev 0-0: Ball
1-0: Foul Ball, location: 2F
1-1: Ball
2-1: Fly out, F7 (Flyball, 7LM, EV 78.8 MPH)
Batting: RHB Corey Ollerton 0-0: Ball
1-0: 3-RUN HOME RUN (Flyball, 78XD, EV 85.6 MPH), Distance : 414 ft
Batting: LHB Domingo Ramos 0-0: Ball
1-0: Foul Ball, location: 2F
1-1: Swinging Strike
1-2: Strikes out looking
Top of the 1st over - 4 runs, 4 hits, 0 errors, 0 left on base; Mercer Island 4 - Olympia 0
BOTTOM OF THE 1ST
Olympia Ogres batting - Pitching for Mercer Island Screaming Eagles : RHP Nolan Owens
Pitching: RHP Nolan Owens
Batting: LHB Jeffery Smith 0-0: SINGLE (Groundball, 6S, EV 90.0 MPH) (infield hit)
Pitching: RHP Luke Corner
Batting: LHB Jorge Mejía 0-0: Called Strike
Jeffery Smith steals 2nd base
0-1: Called Strike
0-2: Reached on error, E4 (Groundball, 34, EV 81.9 MPH)
Jeffery Smith to third
Batting: RHB John Yossarian 0-0: Called Strike
0-1: Ball
1-1: Ball
2-1: Fly out, F3 (Popup, 3S, EV 76.2 MPH)
Batting: LHB Sariyah Fateen 0-0: Called Strike
0-1: SINGLE (Line Drive, 34D, EV 109.4 MPH)
Jeffery Smith scores
Jorge Mejía to second
Batting: RHB Pepe Savinon 0-0: Fly out, F8 (Line Drive, 8LM, EV 84.4 MPH)
Batting: RHB Claudio Vargas 0-0: Called Strike
0-1: Fly out, F3 (Popup, 23F, EV 86.2 MPH)
Bottom of the 1st over - 1 run, 2 hits, 1 error, 2 left on base; Mercer Island 4 - Olympia 1
TOP OF THE 2ND
Mercer Island Screaming Eagles batting - Pitching for Olympia Ogres : RHP Emery Manhoran
Batting: LHB Kiambu Fentress 0-0: Ball
1-0: Ball
2-0: SINGLE (Groundball, 6D, EV 95.6 MPH)
Batting: RHB Hugues Bellot 0-0: Ball
1-0: Ball
2-0: Foul Ball, location: 2F
2-1: Grounds into double play, 6-4-3 (Groundball, 6, EV 106.2 MPH)
Batting: RHB Domingo Reyes 0-0: Ball
1-0: Ball
2-0: Foul Ball, location: 2F
2-1: Fly out, F8 (Flyball, 78D, EV 100.0 MPH)
Top of the 2nd over - 0 runs, 1 hit, 0 errors, 0 left on base; Mercer Island 4 - Olympia 1
BOTTOM OF THE 2ND
Olympia Ogres batting - Pitching for Mercer Island Screaming Eagles : RHP Luke Corner
Batting: SHB Nathan Brannon 0-0: Swinging Strike
0-1: Fly out, F8 (Flyball, 8LS, EV 86.9 MPH)
Batting: RHB Paul Stark 0-0: Foul Ball, location: 2F
0-1: Ball
1-1: Ball
2-1: Ball
3-1: Base on Balls
Batting: RHB Xi-ku An 0-0: Called Strike
0-1: Ball
1-1: Foul Ball, location: 2F
1-2: SINGLE (Line Drive, 8LS, EV 100.0 MPH)
Paul Stark to second
Runner from 2nd tries for 3rd, SAFE, throw by CF made to third
Batting: LHB Jeffery Smith 0-0: Grounds out, U3 (Groundball, 3L, EV 86.2 MPH)
Paul Stark scores
Batting: LHB Jorge Mejía 0-0: Ball
1-0: Foul Ball, location: 2F
1-1: Ball
2-1: Swinging Strike
2-2: Ball
3-2: Strikes out looking
Bottom of the 2nd over - 1 run, 1 hit, 0 errors, 1 left on base; Mercer Island 4 - Olympia 2
TOP OF THE 3RD
Mercer Island Screaming Eagles batting - Pitching for Olympia Ogres : RHP Emery Manhoran
Batting: RHB Dídac Nores 0-0: Ball
1-0: Ball
2-0: Foul Ball, location: 2F
2-1: Ground out 6-3 (Groundball, 6, EV 84.4 MPH)
Batting: SHB César Enríques 0-0: Swinging Strike
0-1: Foul Ball, location: 2F
0-2: Ball
1-2: Ball
2-2: SINGLE (Line Drive, 78S, EV 104.4 MPH)
Batting: LHB Brian Drake 0-0: Ball
1-0: Ball
César Enríques is caught stealing 2nd base 2-6
2-0: Ground out 4-3 (Groundball, 4, EV 85.0 MPH)
Top of the 3rd over - 0 runs, 1 hit, 0 errors, 0 left on base; Mercer Island 4 - Olympia 2
BOTTOM OF THE 3RD
Olympia Ogres batting - Pitching for Mercer Island Screaming Eagles : RHP Luke Corner
Batting: RHB John Yossarian 0-0: Ball
1-0: Called Strike
1-1: Ground out 5-3 (Groundball, 56, EV 90.6 MPH)
Batting: LHB Sariyah Fateen 0-0: SINGLE (Line Drive, 9S, EV 108.1 MPH)
Batting: RHB Pepe Savinon 0-0: Called Strike
0-1: Ball
1-1: Fly out, F7 (Flyball, 7S, EV 85.0 MPH)
Batting: RHB Claudio Vargas 0-0: Ball
1-0: Ball
2-0: Fly out, F5 (Flyball, 5D, EV 85.6 MPH)
Bottom of the 3rd over - 0 runs, 1 hit, 0 errors, 1 left on base; Mercer Island 4 - Olympia 2
TOP OF THE 4TH
Mercer Island Screaming Eagles batting - Pitching for Olympia Ogres : RHP Emery Manhoran
Batting: RHB Dima Tabakaev 0-0: Called Strike
0-1: Ball
1-1: Ball
2-1: Ball
3-1: Fly out, F8 (Line Drive, 8LD, EV 93.1 MPH)
Batting: RHB Corey Ollerton 0-0: Ball
1-0: Called Strike
1-1: Foul Ball, location: 2F
1-2: SINGLE (Flyball, 89S, EV 90.0 MPH)
Batting: LHB Domingo Ramos 0-0: SINGLE (Groundball, 56, EV 96.2 MPH) (infield hit)
Corey Ollerton to second
Batting: LHB Kiambu Fentress 0-0: Called Strike
0-1: Ball
1-1: Fly out, F5 (Popup, 25F, EV 87.5 MPH)
Batting: RHB Hugues Bellot 0-0: SINGLE (Line Drive, 7S, EV 95.6 MPH)
Corey Ollerton to third
Domingo Ramos to second
Runner from 3rd tries for Home, SAFE, no throw by LF
Batting: RHB Domingo Reyes 0-0: Ball
1-0: Swinging Strike
1-1: Foul Ball, location: 2F
1-2: Strikes out swinging
Top of the 4th over - 1 run, 3 hits, 0 errors, 2 left on base; Mercer Island 5 - Olympia 2
BOTTOM OF THE 4TH
Olympia Ogres batting - Pitching for Mercer Island Screaming Eagles : RHP Luke Corner
Batting: SHB Nathan Brannon 0-0: SINGLE (Line Drive, 56, EV 98.1 MPH)
Batting: RHB Paul Stark 0-0: Called Strike
0-1: Ball
1-1: Ball
2-1: Foul Ball, location: 2F
2-2: Strikes out swinging
Batting: RHB Xi-ku An 0-0: Ball
1-0: Ball
2-0: Called Strike
2-1: Ball
3-1: Foul Ball, location: 2F
3-2: Foul Ball, location: 2F
3-2: Foul Ball, location: 2F
3-2: Fly out, F3 (Popup, 3F, EV 75.0 MPH)
Batting: LHB Jeffery Smith 0-0: Called Strike
Nathan Brannon steals 2nd base
0-1: Ball
1-1: Foul Ball, location: 2F
1-2: Foul Ball, location: 2F
1-2: Strikes out swinging
Bottom of the 4th over - 0 runs, 1 hit, 0 errors, 1 left on base; Mercer Island 5 - Olympia 2
TOP OF THE 5TH
Mercer Island Screaming Eagles batting - Pitching for Olympia Ogres : RHP Emery Manhoran
Batting: RHB Dídac Nores 0-0: Called Strike
0-1: Ball
1-1: Ball
2-1: Ball
3-1: Base on Balls
Pitching: RHP Bjorn Hondelink
Batting: SHB César Enríques 0-0: Ball
1-0: Fly out, F7 (Flyball, 7, EV 85.6 MPH)
Batting: LHB Brian Drake 0-0: Foul Ball, location: 2F
0-1: Called Strike
0-2: Strikes out looking
Batting: RHB Dima Tabakaev Pickoff Throw to First - Out! 1-3
Top of the 5th over - 0 runs, 0 hits, 0 errors, 0 left on base; Mercer Island 5 - Olympia 2
BOTTOM OF THE 5TH
Olympia Ogres batting - Pitching for Mercer Island Screaming Eagles : RHP Luke Corner
Batting: LHB Jorge Mejía 0-0: Called Strike
0-1: Foul Ball, location: 2F
0-2: Ball
1-2: Ground out 1-3 (Groundball, P, EV 61.2 MPH)
Batting: RHB John Yossarian 0-0: Called Strike
0-1: Ball
1-1: Ball
2-1: Called Strike
2-2: Ball
3-2: Fly out, F8 (Flyball, 8RXD, EV 97.5 MPH)
Pitching: RHP José Gómez
Batting: LHB Sariyah Fateen 0-0: Foul Ball, location: 2F
0-1: Ball
1-1: Ball
2-1: Foul Ball, location: 2F
2-2: Strikes out swinging
Bottom of the 5th over - 0 runs, 0 hits, 0 errors, 0 left on base; Mercer Island 5 - Olympia 2
TOP OF THE 6TH
Mercer Island Screaming Eagles batting - Pitching for Olympia Ogres : RHP Bjorn Hondelink
Batting: RHB Dima Tabakaev 0-0: Ball
1-0: Called Strike
1-1: Ball
2-1: Ground out 5-3 (Groundball, 56S, EV 89.4 MPH)
Batting: RHB Corey Ollerton 0-0: Ball
1-0: Foul Ball, location: 2F
1-1: Called Strike
1-2: SINGLE (Groundball, 4MD, EV 96.2 MPH)
Batting: LHB Domingo Ramos 0-0: Ball
1-0: Called Strike
1-1: Swinging Strike
1-2: SINGLE (Groundball, 56D, EV 95.0 MPH)
Corey Ollerton to second
Batting: LHB Kiambu Fentress 0-0: Swinging Strike
0-1: Ball
Wild Pitch!
Corey Ollerton to third
Domingo Ramos to second
1-1: Called Strike
1-2: Foul Ball, location: 2F
1-2: Foul Ball, location: 2F
1-2: Ball
2-2: Foul Ball, location: 2F
2-2: Strikes out swinging
Batting: RHB Hugues Bellot 0-0: Called Strike
0-1: Called Strike
0-2: Ball
1-2: Ball
2-2: Strikes out swinging
Top of the 6th over - 0 runs, 2 hits, 0 errors, 2 left on base; Mercer Island 5 - Olympia 2
BOTTOM OF THE 6TH
Olympia Ogres batting - Pitching for Mercer Island Screaming Eagles : RHP José Gómez
Batting: RHB Pepe Savinon 0-0: Ball
1-0: Fly out, F6 (Line Drive, 6, EV 64.4 MPH)
Batting: RHB Claudio Vargas 0-0: Called Strike
0-1: Fly out, F5 (Line Drive, 5, EV 70.0 MPH)
Batting: SHB Nathan Brannon 0-0: Called Strike
0-1: Ball
1-1: Fly out, F7 (Flyball, 78D, EV 89.4 MPH)
Bottom of the 6th over - 0 runs, 0 hits, 0 errors, 0 left on base; Mercer Island 5 - Olympia 2
TOP OF THE 7TH
Mercer Island Screaming Eagles batting - Pitching for Olympia Ogres : RHP Bjorn Hondelink
Batting: RHB Domingo Reyes 0-0: Swinging Strike
0-1: Called Strike
0-2: Ball
1-2: Ball
2-2: SINGLE (Line Drive, 9LS, EV 96.2 MPH)
Batting: RHB Dídac Nores 0-0: Bunted foul
0-1: Sac Bunt to 2R - play at first, batter OUT! 2-4
Domingo Reyes to second
Batting: SHB César Enríques 0-0: Foul Ball, location: 2F
0-1: Called Strike
0-2: Ball
1-2: Ball
2-2: Ground out 5-3 (Groundball, 56, EV 101.2 MPH)
Batting: LHB Brian Drake 0-0: Foul Ball, location: 2F
0-1: Ball
1-1: Called Strike
1-2: Strikes out looking
Top of the 7th over - 0 runs, 1 hit, 0 errors, 1 left on base; Mercer Island 5 - Olympia 2
BOTTOM OF THE 7TH
Olympia Ogres batting - Pitching for Mercer Island Screaming Eagles : RHP José Gómez
Batting: RHB Paul Stark 0-0: Foul Ball, location: 2F
0-1: SINGLE (Groundball, 34D, EV 96.2 MPH)
Batting: RHB Xi-ku An 0-0: Swinging Strike
0-1: Ball
1-1: Foul Ball, location: 2F
1-2: Foul Ball, location: 2F
1-2: Grounds into double play, 6-4-3 (Groundball, 6M, EV 86.9 MPH)
Batting: LHB Jeffery Smith 0-0: Ball
1-0: Swinging Strike
1-1: Foul Ball, location: 2F
1-2: Foul Ball, location: 2F
1-2: Strikes out swinging
Bottom of the 7th over - 0 runs, 1 hit, 0 errors, 0 left on base; Mercer Island 5 - Olympia 2
TOP OF THE 8TH
Mercer Island Screaming Eagles batting - Pitching for Olympia Ogres : RHP Bjorn Hondelink
Batting: RHB Dima Tabakaev 0-0: Ball
1-0: Ball
2-0: Ground out 3-1 (Groundball, 34, EV 101.2 MPH)
Batting: RHB Corey Ollerton 0-0: Called Strike
0-1: SINGLE (Flyball, 8RS, EV 98.1 MPH)
Pitching: LHP Roberto Sáenz
Batting: LHB Domingo Ramos 0-0: Called Strike
0-1: Fly out, F7 (Flyball, 78M, EV 90.6 MPH)
Batting: LHB Kiambu Fentress 0-0: Ball
1-0: Fielders Choice at 2nd, 6-4 (Groundball, 6, EV 75.6 MPH)
Top of the 8th over - 0 runs, 1 hit, 0 errors, 1 left on base; Mercer Island 5 - Olympia 2
BOTTOM OF THE 8TH
Olympia Ogres batting - Pitching for Mercer Island Screaming Eagles : RHP José Gómez
Batting: LHB Jorge Mejía 0-0: Ball
1-0: Swinging Strike
1-1: Ball
2-1: Swinging Strike
2-2: Ball
3-2: Strikes out swinging
Batting: RHB John Yossarian 0-0: Ball
1-0: Called Strike
1-1: Called Strike
1-2: Strikes out looking
Batting: LHB Sariyah Fateen 0-0: Called Strike
0-1: Called Strike
0-2: Ball
1-2: Ball
2-2: Foul Ball, location: 2F
2-2: Ball
3-2: Foul Ball, location: 2F
3-2: Foul Ball, location: 2F
3-2: Foul Ball, location: 2F
3-2: Strikes out swinging
Bottom of the 8th over - 0 runs, 0 hits, 0 errors, 0 left on base; Mercer Island 5 - Olympia 2
TOP OF THE 9TH
Mercer Island Screaming Eagles batting - Pitching for Olympia Ogres : LHP Roberto Sáenz
Batting: RHB Hugues Bellot 0-0: Bunt missed!
0-1: Ball
1-1: Ball
2-1: Ground out 6-3 (Groundball, 6, EV 83.8 MPH)
Batting: RHB Domingo Reyes 0-0: Foul Ball, location: 2F
0-1: Ball
1-1: Foul Ball, location: 2F
1-2: Strikes out swinging
Batting: RHB Dídac Nores 0-0: Foul Ball, location: 2F
0-1: Swinging Strike
0-2: Ball
1-2: Foul Ball, location: 2F
1-2: Ball
2-2: Ball
3-2: Foul Ball, location: 2F
3-2: Strikes out swinging
Top of the 9th over - 0 runs, 0 hits, 0 errors, 0 left on base; Mercer Island 5 - Olympia 2
BOTTOM OF THE 9TH
Olympia Ogres batting - Pitching for Mercer Island Screaming Eagles : RHP José Gómez
Batting: RHB Pepe Savinon 0-0: Called Strike
0-1: Called Strike
0-2: SINGLE (Line Drive, 78M, EV 104.4 MPH)
Pitching: RHP Ryan Fry
Batting: RHB Claudio Vargas 0-0: Ball
1-0: Ball
2-0: Foul Ball, location: 2F
2-1: Fielders Choice at 2nd, 4-6 (Groundball, 4M, EV 79.4 MPH)
Batting: SHB Nathan Brannon 0-0: Fly out, F9 (Line Drive, 9D, EV 92.5 MPH)
Batting: RHB Paul Stark 0-0: Ball
1-0: Ball
2-0: Swinging Strike
2-1: Ball
3-1: Called Strike
3-2: Strikes out swinging
Bottom of the 9th over - 0 runs, 1 hit, 0 errors, 1 left on base; Mercer Island 5 - Olympia 2
Tuesday, January 5th, 2021 - OOTP Baseball 20.8 Build 74